 Dungeon Crawl Stone Soup version 0.19.5 (webtiles) character file.

89961 Ponchio the Scorcher (level 15, -8/82 HPs)
             Began as a Deep Elf Conjurer on Mar 24, 2017.
             Was a High Priest of Vehumet.
             Mangled by a saltling (18 damage)
             ... in the Desolation of Salt.
             The game lasted 03:39:28 (29082 turns).

Ponchio the Scorcher (Deep Elf Conjurer)           Turns: 29082, Time: 03:39:29

Health: -8/82      AC: 11    Str:  4    XL:     15   Next: 50%
Magic:  21/51      EV: 21    Int: 37    God:    Vehumet [*****.]
Gold:   236        SH:  0    Dex: 20    Spells: 7 memorised, 17 levels left

rFire  + . .     SeeInvis +     W - staff of power
rCold  . . .     Gourm    +     D - +2 robe of Xemoics {*Drain Str+3 Int+5 Dex+2}
rNeg   . . .     Faith    .     (no shield)
rPois  .         Spirit   .     I - +2 helmet
rElec  .         Reflect  .     t - +1 cloak
rCorr  .         Harm     .     g - +0 pair of gloves of Hicesiw {rF+ MR+ Dex+3} (curse)
MR     ++...                    d - +0 pair of boots
Stlth  ++........               l - amulet of the gourmand
                                y - +3 ring of evasion
                                n - ring "Juoxtana" {Str-4 Int+5 SInv}

@: very slightly contaminated
A: no striking features
a: Renounce Religion


You were in the Desolation of Salt.
You worshipped Vehumet.
Vehumet was extremely pleased with you.
You were very full.

You visited 5 branches of the dungeon, and saw 21 of its levels.
You also visited: Ossuary and Desolation.

You collected 1871 gold pieces.
You spent 1635 gold pieces at shops.

Inventory:

Armour
 d - a +0 pair of boots (worn)
 g - the cursed +0 pair of gloves of Hicesiw (worn) {rF+ MR+ Dex+3}
   (You found it on level 6 of the Lair of Beasts)

   It affects your dexterity (+3).
   It protects you from fire.
   It affects your resistance to hostile enchantments.
   It has a curse placed upon it.
 t - a +1 cloak (worn)
 D - the +2 robe of Xemoics (worn) {*Drain Str+3 Int+5 Dex+2}
   (You found it on level 6 of the Dungeon)

   It affects your strength (+3).
   It affects your intelligence (+5).
   It affects your dexterity (+2).
   It causes draining when unequipped.
 I - a +2 helmet (worn)
Magical Staves
 W - an uncursed staff of power (weapon)
Jewellery
 f - an uncursed ring of poison resistance
 j - an uncursed ring of fire
 l - an amulet of the gourmand (around neck)
 n - the ring "Juoxtana" (left hand) {Str-4 Int+5 SInv}
   (You bought it in a shop on level 2 of the Orcish Mines)

   [ring of see invisible]

   It affects your strength (-4).
   It affects your intelligence (+5).
   It lets you see invisible.
 y - a +3 ring of evasion (right hand)
 C - an uncursed ring of teleportation
 T - an uncursed ring of stealth
 Z - an uncursed ring of protection from cold
Wands
 q - a wand of lightning (8/15)
 M - a wand of iceblast (5/15)
 R - a wand of disintegration (9/24)
 V - a wand of lightning (2/15)
Scrolls
 a - 7 scrolls of recharging
 i - 2 scrolls of fog
 A - 8 scrolls of identify
 B - 3 scrolls of amnesia
 F - 3 scrolls of enchant armour
 G - 7 scrolls of remove curse
 K - a scroll of enchant weapon
 N - 2 scrolls of teleportation
 Q - a scroll of magic mapping
 S - a scroll of fear
Potions
 b - a potion of brilliance
 e - 2 potions of haste
 p - a potion of cancellation
 r - 5 potions of curing
 u - 2 potions of might
 v - 5 potions of cure mutation
 x - a potion of agility
 z - 2 potions of flight
 E - 4 potions of heal wounds
 L - a potion of invisibility
 Y - a potion of magic
Comestibles
 c - 13 bread rations
 h - 6 meat rations
 k - 4 slices of pizza
 s - 13 fruits
 w - 4 royal jellies
 J - 2 beef jerkies


   Skills:
 - Level 5.0 Fighting
 - Level 7.6 Dodging
 - Level 2.4 Stealth
 + Level 15.7 Spellcasting
 * Level 15.9 Conjurations
 - Level 12.8 Charms
 * Level 16.6 Fire Magic
 - Level 3.8 Earth Magic


You had 17 spell levels left.
You knew the following spells:

 Your Spells              Type           Power        Failure   Level  Hunger
a - Magic Dart            Conj           ####         0%          1    None
b - Dazzling Spray        Conj/Hex       ######       1%          3    None
c - Iskenderun's Battles  Conj/Chrm      #######.     1%          5    None
d - Flame Tongue          Conj/Fire      #####        0%          1    None
e - Orb of Destruction    Conj           #######...   1%          7    ###....
f - Iron Shot             Conj/Erth      #######...   1%          6    None
g - Fireball              Conj/Fire      #######...   1%          5    None


Dungeon Overview and Level Annotations

Branches:
Dungeon (11/15)            Temple (1/1) D:7            Lair (6/6) D:10
  Swamp (0/4) Lair:4        Snake (0/4) Lair:3        Slime (0/5) Lair:6
    Orc (2/2) D:11            Elf (1/3) Orc:2

Altars:
Ashenzari
Cheibriados
Dithmenos
Elyvilon
Fedhas
Gozag
Hepliaklqana
Kikubaaqudgha
Makhleb
Nemelex Xobeh
Okawaru
Qazlal
Ru
Sif Muna
Trog
Uskayaw
Vehumet
Xom
Yredelemnul
Zin
The Shining One
Jiyva

Shops:
D:10 :   Orc:2 =}*[


Message History

The saltling hits you!! The saltling hits you!
* * * LOW HITPOINT WARNING * * *
The saltling hits you but does no damage.
The servant of whispers misses you.
The servant of whispers completely misses you.
A guardian serpent comes into view.
Blink to where?
Press: ? - help, Dir - move target cursor You are very lightly contaminated with residual magic.
As you read the scroll of blinking, it crumbles to dust.
The guardian serpent casts a spell.
The servant of whispers blinks!
The saltling blinks! x3
The servant of whispers blinks!
The guardian serpent blinks into view!
The saltling blinks! x2; The saltling barely misses you.
The saltling hits you.
* * * LOW HITPOINT WARNING * * *
The saltling hits you but does no damage.
The servant of whispers hits you with a quarterstaff!
* * * LOW HITPOINT WARNING * * *
The saltling hits you!!
You die...

......................
......................
......................
.##.............#......
................#.......
.................#......
...........∩............
..........S88...........
..........8@p8.§*.......
..........p88§.§....*...
.............§.§§....§#.
..............§......)..
.........#....§.......S.
...............S.......§
.....................§§§
..............#...§.§§.§
.....................§§§


You could see 2 servants of whispers, 2 guardian serpents, 6 saltlings and a
friendly battlesphere.

Vanquished Creatures
  An imperial myrmidon (Desolation)
  An orc warlord (Orc:2)
  A stone giant (Orc:1)
  Nessos (Lair:5)
  A fire dragon (Lair:6)
  Josephine (Lair:5)
  Fannar (Lair:2)
  5 hydras
  Harold (Lair:1)
  2 servants of whispers
  6 death yaks (Lair:4)
  A tengu warrior (D:11)
  3 orc high priests (Orc:2)
  Sonja (Lair:3)
  A lindwurm (Lair:6)
  A deep elf archer (Elf:1)
  An ugly thing (D:11)
  6 orc knights
  5 orc sorcerers (Orc:2)
  A manticore (Lair:4)
  8 deep elf magi (Elf:1)
  8 black mambas
  3 molten gargoyles (Lair:6)
  9 elephants
  Joseph (D:9)
  20 spiny frogs
  17 komodo dragons
  6 rime drakes (Lair:4)
  7 trolls
  A two-headed ogre (D:8)
  A polar bear (Lair:6)
  A hornet (D:11)
  The ghost of XMarksTheSpot the Spear-Bearer, an amateur MfGl (Ossuary)
  6 saltlings
  25 blink frogs
  19 hippogriffs
  10 dream sheep (Lair:5)
  38 yaks
  A vampire (D:10)
  Grum (D:9)
  10 wyverns
  4 wraiths
  2 hungry ghosts
  8 basilisks
  A mottled dragon (Lair:6)
  3 wargs
  5 hell hounds
  7 porcupines
  18 water moccasins
  24 orc warriors
  5 sky beasts
  3 ice beasts
  An eye of draining (D:8)
  6 black bears
  A phantom (D:10)
  14 ogres
  14 wolves
  17 crocodiles
  9 centaurs
  2 big kobolds (D:9)
  17 bullfrogs
  A wyvern zombie (D:11)
  A wyvern skeleton (D:6)
  A water moccasin zombie (D:8)
  A water moccasin skeleton (D:4)
  3 scorpions
  8 killer bees
  8 electric eels
  4 howler monkeys
  4 lava snakes (Lair:6)
  3 crimson imps
  A centaur zombie (D:9)
  4 hounds
  A human zombie (Ossuary)
  Crazy Yiuf (D:3)
  A bullfrog zombie (D:8)
  3 jellies
  A gnoll shaman (Orc:2)
  22 orc priests
  28 orc wizards
  2 bullfrog skeletons
  2 centaur skeletons
  Terence (D:2)
  Natasha (thrice) (D:2 D:4)
  5 iguanas
  5 hell rats (Lair:6)
  14 worker ants
  A big kobold zombie (Ossuary)
  A hound zombie (Ossuary)
  4 mummies (Ossuary)
  2 hound skeletons
  A worker ant zombie (D:8)
  6 gnolls
  19 adders
  3 shadow imps
  2 oozes
  An adder zombie (D:9)
  An adder skeleton (D:7)
  2 worms
  A dart slug (D:1)
  8 leopard geckos
  54 orcs
  2 ball pythons
  6 giant cockroaches
  A gnoll zombie (Ossuary)
  11 goblins
  8 hobgoblins
  11 jackals
  8 quokkas
  8 bats
  7 frilled lizards
  A giant cockroach zombie (D:6)
  A hobgoblin zombie (Ossuary)
  A jackal skeleton (D:4)
  A jackal zombie (Ossuary)
  17 kobolds
  A kobold zombie (Ossuary)
  3 leopard gecko skeletons
  2 quokka zombies
  11 rats
  3 rat zombies (Ossuary)
  A butterfly (Lair:6)
  A plant (Lair:5)
734 creatures vanquished.

Vanquished Creatures (others)
  An orc (Orc:1)
  A gnoll zombie (Ossuary)
  An orc zombie (Ossuary)
  A bush (Lair:2)
  13 fungi
  3 plants
20 creatures vanquished.

Grand Total: 754 creatures vanquished

Notes
Turn   | Place    | Note
-------+----------+-------------------------------------------
     0 | D:1      | Ponchio the Deep Elf Conjurer began the quest for the Orb.
     0 | D:1      | Reached XP level 1. HP: 10/10 MP: 6/6
   216 | D:1      | Found a shattered altar of Ashenzari.
   466 | D:1      | Reached XP level 2. HP: 15/15 MP: 0/9
  1220 | D:1      | Found a shattered altar of Ashenzari.
  1598 | D:2      | Reached XP level 3. HP: 19/19 MP: 3/11
  1607 | D:2      | Learned a level 3 spell: Dazzling Spray
  1609 | D:2      | Reached skill level 5 in Spellcasting
  1899 | D:2      | Noticed Natasha
  1912 | D:2      | Killed Natasha
  2027 | D:2      | Noticed Natasha
  2031 | D:2      | Killed Natasha
  2031 | D:2      | Reached XP level 4. HP: 5/24 MP: 4/14
  2280 | D:2      | Noticed Terence
  2341 | D:2      | Killed Terence
  2580 | D:2      | Reached XP level 5. HP: 28/28 MP: 8/16
  2684 | D:2      | Found a white marble altar of Elyvilon.
  2686 | D:2      | Found an iron altar of Okawaru.
  2846 | D:2      | Found a shadowy altar of Dithmenos.
  3066 | D:2      | Found a white marble altar of Elyvilon.
  3068 | D:2      | Found an iron altar of Okawaru.
  3070 | D:2      | Found a shadowy altar of Dithmenos.
  3503 | D:3      | Found a runed door.
  3674 | D:3      | Learned a level 5 spell: Iskenderun's Battlesphere
  4078 | D:3      | Reached skill level 1 in Charms
  4180 | D:3      | Noticed Crazy Yiuf
  4189 | D:3      | Killed Crazy Yiuf
  4944 | D:4      | Reached XP level 6. HP: 32/32 MP: 4/18
  5197 | D:4      | Found a stormy altar of Qazlal.
  5197 | D:4      | Found a snail-covered altar of Cheibriados.
  5198 | D:4      | Found a hide-covered altar of Uskayaw.
  5254 | D:4      | Reached skill level 5 in Charms
  5731 | D:4      | Noticed Natasha
  5745 | D:3      | Reached XP level 7. HP: 36/36 MP: 5/20
  5909 | D:4      | Killed Natasha
  5917 | D:4      | Reached skill level 5 in Conjurations
  6040 | D:5      | Entered Level 5 of the Dungeon
  7485 | D:5      | Reached XP level 8. HP: 41/41 MP: 13/21
  7819 | D:6      | Got a thick robe
  7830 | D:6      | Identified the +2 robe of Xemoics {*Drain Str+3 Int+5 Dex+2} (You found it on level 6 of the Dungeon)
  7873 | D:6      | Found a hazy altar of Hepliaklqana.
  7994 | D:6      | Gained mutation: You are weak. (Str -2) [mutagenic meat]
  7995 | D:6      | Gained mutation: Armour fits poorly on your strangely shaped body. [mutagenic meat]
  7995 | D:6      | Lost mutation: You are weak. (Str -2) [potion of cure mutation]
  7995 | D:6      | Lost mutation: Armour fits poorly on your strangely shaped body. [potion of cure mutation]
  8902 | D:7      | Reached XP level 9. HP: 45/45 MP: 17/24
  9065 | D:7      | Found a staircase to the Ecumenical Temple.
  9108 | Temple   | Entered the Ecumenical Temple
  9139 | Temple   | Became a worshipper of Vehumet
  9452 | D:7      | Found a blossoming altar of Fedhas.
  9545 | D:7      | Found a glowing silver altar of Zin.
  9619 | D:8      | Reached skill level 10 in Conjurations
  9660 | D:8      | Found a sand-covered staircase.
  9749 | Ossuary  | Entered an ossuary
  9749 | Ossuary  | Noticed XMarksTheSpot's ghost (amateur MfGl)
  9758 | Ossuary  | Killed XMarksTheSpot's ghost
  9758 | Ossuary  | Reached skill level 10 in Spellcasting
 10352 | D:8      | Reached skill level 10 in Charms
 10353 | D:8      | Reached * piety under Vehumet
 10353 | D:8      | Offered knowledge of Sting by Vehumet.
 10548 | D:8      | Found a glowing golden altar of the Shining One.
 11025 | D:8      | Reached XP level 10. HP: 50/50 MP: 21/27
 11184 | D:8      | Found a bloodstained altar of Trog.
 11203 | D:8      | Reached XP level 11. HP: 54/54 MP: 27/30
 12036 | D:9      | Noticed Grum
 12040 | D:9      | Killed Grum
 12047 | D:9      | Offered knowledge of Flame Tongue by Vehumet.
 12048 | D:9      | Reached ** piety under Vehumet
 12051 | D:9      | Learned a level 1 spell: Flame Tongue
 12311 | D:9      | Reached skill level 1 in Fire Magic
 12473 | D:9      | Noticed Joseph
 12475 | D:9      | Reached skill level 2 in Fire Magic
 12492 | D:9      | Killed Joseph
 12492 | D:9      | Reached skill level 3 in Fire Magic
 12889 | D:9      | Reached skill level 4 in Fire Magic
 13339 | D:9      | Offered knowledge of Static Discharge by Vehumet.
 13780 | D:10     | Entered Level 10 of the Dungeon
 13831 | D:10     | Reached skill level 5 in Fire Magic
 13844 | D:10     | Found a staircase to the Lair.
 13934 | D:10     | Reached skill level 6 in Fire Magic
 13936 | D:10     | Found Ugufapti's Book Emporium.
 14199 | D:10     | Reached *** piety under Vehumet
 14348 | D:10     | Reached skill level 7 in Fire Magic
 14788 | D:10     | Reached skill level 8 in Fire Magic
 15047 | Lair:1   | Entered Level 1 of the Lair of Beasts
 15064 | Lair:1   | Noticed Harold
 15106 | D:10     | Bought a book of Power for 450 gold pieces
 15115 | D:10     | Learned a level 7 spell: Orb of Destruction
 15174 | Lair:1   | Killed Harold
 15198 | Lair:1   | Learned a level 6 spell: Iron Shot
 15426 | Lair:1   | Offered knowledge of Stone Arrow by Vehumet.
 15426 | Lair:1   | Reached skill level 9 in Fire Magic
 15721 | Lair:1   | Reached XP level 12. HP: 38/59 MP: 29/31
 15870 | Lair:1   | Reached skill level 10 in Fire Magic
 16202 | Lair:1   | Noticed a four-headed hydra
 16206 | Lair:1   | Killed a four-headed hydra
 16206 | Lair:1   | Reached skill level 11 in Fire Magic
 17031 | Lair:2   | Noticed Fannar
 17037 | Lair:2   | Killed Fannar
 17097 | Lair:2   | Reached skill level 12 in Fire Magic
 17433 | Lair:2   | Reached **** piety under Vehumet
 17507 | Lair:2   | Reached skill level 13 in Fire Magic
 18254 | Lair:3   | Noticed Sonja
 18320 | D:11     | Offered knowledge of Sticky Flame by Vehumet.
 18691 | D:11     | Reached skill level 14 in Fire Magic
 18730 | D:11     | Reached XP level 13. HP: 58/63 MP: 21/32
 18888 | D:11     | Found a staircase to the Orcish Mines.
 19274 | D:11     | Reached skill level 1 in Earth Magic
 19505 | D:11     | Gained mutation: Scrolls take you a little longer to read. [mutagenic meat]
 19506 | D:11     | Gained mutation: Your magical capacity is low. (-10% MP) [mutagenic meat]
 19506 | D:11     | Lost mutation: Your magical capacity is low. (-10% MP) [potion of cure mutation]
 19506 | D:11     | Lost mutation: Scrolls take you a little longer to read. [potion of cure mutation]
 19528 | Orc:1    | Entered Level 1 of the Orcish Mines
 19535 | Orc:1    | Reached ***** piety under Vehumet
 19535 | Orc:1    | Offered knowledge of Lightning Bolt by Vehumet.
 20107 | Orc:1    | Noticed a stone giant
 20112 | Orc:1    | HP: 2/63 [stone giant/large rock (24)]
 20116 | Orc:1    | Killed a stone giant
 20577 | D:10     | Bought a book of the Tempests for 700 gold pieces
 20583 | D:10     | Learned a level 5 spell: Fireball
 20642 | Lair:3   | Killed Sonja
 20937 | Lair:3   | Found a staircase to the Snake Pit.
 21430 | Lair:4   | Found a staircase to the Swamp.
 21819 | Lair:4   | Reached skill level 15 in Fire Magic
 22092 | Lair:4   | Offered knowledge of Poisonous Cloud by Vehumet.
 22590 | Lair:4   | Reached XP level 14. HP: 68/68 MP: 34/34
 23591 | Lair:5   | Noticed Josephine
 23593 | Lair:5   | Killed Josephine
 23751 | Lair:5   | Noticed Nessos
 23756 | Lair:5   | Killed Nessos
 24073 | Lair:5   | Reached skill level 15 in Spellcasting
 24073 | Lair:5   | Reached skill level 15 in Conjurations
 24478 | Lair:5   | Reached skill level 16 in Fire Magic
 24759 | Lair:6   | Entered Level 6 of the Lair of Beasts
 24991 | Lair:6   | Reached skill level 1 in Fighting
 25118 | Lair:6   | Offered knowledge of Conjure Ball Lightning by Vehumet.
 25465 | Lair:6   | Found a viscous altar of Jiyva.
 25475 | Lair:6   | Reached skill level 5 in Dodging
 25476 | Lair:6   | Found a staircase to the Slime Pits.
 25556 | Lair:6   | Found a glowing silver altar of Zin.
 26249 | Lair:6   | Got a pair of distressingly furry gloves
 26260 | Lair:6   | Identified the cursed +0 pair of gloves of Hicesiw {rF+ MR+ Dex+3} (You found it on level 6 of the Lair of Beasts)
 26596 | Lair:6   | Reached skill level 5 in Fighting
 26609 | Lair:6   | Found a large runed door.
 26609 | Lair:6   | Found a large runed door.
 26924 | Lair:6   | Reached XP level 15. HP: 82/82 MP: 29/36
 27155 | Orc:2    | Entered Level 2 of the Orcish Mines
 27238 | Orc:2    | Noticed an orc warlord
 27243 | Orc:2    | Offered knowledge of Ozocubu's Refrigeration by Vehumet.
 27247 | Orc:2    | Killed an orc warlord
 28059 | Orc:2    | Found a staircase to the Elven Halls.
 28390 | Orc:2    | Offered knowledge of Freezing Cloud by Vehumet.
 28572 | Orc:2    | Found Cudamixza's Armour Shoppe.
 28590 | Orc:2    | Found Sebresye's Gadget Boutique.
 28591 | Orc:2    | Found Ybunaf's Jewellery Shoppe.
 28592 | Orc:2    | Found Naaqaan's Assorted Antiques.
 28631 | Orc:2    | Bought an uncursed ring of poison resistance for 220 gold pieces
 28631 | Orc:2    | Bought the ring "Juoxtana" {Str-4 Int+5 SInv} for 265 gold pieces
 28795 | Elf:1    | Entered Level 1 of the Elven Halls
 28867 | Elf:1    | Found a ruined gateway.
 29022 | Desolati | Entered the Desolation of Salt
 29076 | Desolati | Noticed an imperial myrmidon
 29080 | Desolati | Killed an imperial myrmidon
 29082 | Desolati | Mangled by a saltling

Skill      XL: |  1  2  3  4  5  6  7  8  9 10 11 12 13 14 |
---------------+-------------------------------------------+-----
Spellcasting   | 4 6 7 9 11 13 14 15 | 15.7
Charms         | 4 7 8 10 11 12 | 12.8
Conjurations   | 7 9 11 12 13 14 15 | 15.9
Fire Magic     | 9 14 15 16 | 16.6
Earth Magic    | 3 |  3.8
Fighting       | 5 |  5.0
Dodging        | 7 |  7.6
Stealth        | |  2.4

Action                   |  1- 3 |  4- 6 |  7- 9 | 10-12 | 13-15 || total
-------------------------+-------+-------+-------+-------+-------++-------
Melee: Short sword       |     2 |    28 |    34 |       |       ||    64
       Staff             |       |       |       |     1 |       ||     1
 Cast: Magic Dart        |    82 |   132 |   239 |   345 |   447 ||  1245
       Dazzling Spray    |     3 |    17 |     9 |    28 |    23 ||    80
       Iskenderun's Batt |       |       |    38 |    72 |   116 ||   226
       Orb of Destructio |       |       |       |     4 |    26 ||    30
       Iron Shot         |       |       |       |    22 |    93 ||   115
       Fireball          |       |       |       |       |    73 ||    73
Evoke: Wand              |       |       |     2 |     1 |     3 ||     6
  Use: Scroll            |       |       |    26 |     4 |     7 ||    37
       Potion            |       |       |     1 |     8 |     5 ||    14
 Stab: Sleeping          |       |     2 |       |       |       ||     2
       Invisible         |       |     1 |       |       |       ||     1
  Eat: Chunk             |     3 |    12 |    23 |    31 |    47 ||   116
       Beef jerky        |       |       |     2 |       |       ||     2
       Fruit             |       |       |     1 |       |       ||     1
Armor: Robe              |       |    12 |    22 |    32 |    25 ||    91
Dodge: Dodged            |     4 |    39 |    46 |    88 |    79 ||   256
